[Event "Titled Tuesday Blitz December 13 Early 2022"]
[White "Xu, Yi"]
[Black "Asavasaetakul, Chawit"]
[WhiteFideId "8605564"]
[BlackFideId "6204856"]
[WhiteElo "2471"]
[BlackElo "1919"]
[Result "1-0"]
[Round "05"]
[TimeControl "180+1"]
[Date "2022.12.13"]
[WhiteClock "0:00:22"]
[BlackClock "0:00:59"]

1. e4 d5 2. exd5 Nf6 3. d4 Bg4 4. Bb5+ Nbd7 5. f3 Bf5 6. c4 a6 7. Ba4 b5 8. cxb5 Nxd5 9. Ne2 Nb4 10. O-O axb5 11. Bb3 e6 12. Nbc3 c6 13. Ng3 Bg6 14. Nge4 Be7 15. Bf4 O-O 16. a3 Nd5 17. Nxd5 cxd5 18. Nc3 b4 19. axb4 Bxb4 20. Qe2 Qb6 21. Qe3 e5 22. Rxa8 Rxa8 23. Bxe5 Bxc3 24. Bxd5 Re8 25. Qxc3 Nxe5 26. Re1 h6 27. f4 Qd8 28. Rxe5 Rxe5 29. Bxf7+ Bxf7 30. dxe5 Qd1+ 31. Kf2 Qb3 32. Qxb3 Bxb3 33. Ke3 Kf7 34. f5 Bc2 35. g4 Bd1 36. h3 Bb3 37. Kd4 Ke7 38. Kc3 Bd1 39. b4 Bf3 40. b5 Kd7 41. Kd4 Bg2 42. b6 Bxh3 43. e6+ Ke7 44. b7 Bxg4 45. b8=Q Bxf5 46. Qe5 Bxe6 47. Qxg7+ Kd6 48. Qxh6 Ke7 49. Ke5 Bf7 50. Qg7 Ke8 51. Kf6 1-0


[Site "https://www.chess.com"]

[Event "Titled Tuesday Blitz December 13 Early 2022"]
[White "Yedidia, Daniel"]
[Black "Jiganchine, Roman"]
[WhiteFideId "30905907"]
[BlackFideId "2603667"]
[WhiteElo "2552"]
[BlackElo "2347"]
[Result "1-0"]
[Round "05"]
[TimeControl "180+1"]
[Date "2022.12.14"]
[WhiteClock "0:00:21"]
[BlackClock "0:00:01"]

1. d4 d5 2. c4 e6 3. Nc3 Nf6 4. cxd5 exd5 5. Bg5 c6 6. e3 Bf5 7. Nge2 Nbd7 8. Ng3 Be6 9. Bd3 Be7 10. Nf5 Bxf5 11. Bxf5 O-O 12. O-O Re8 13. Rc1 Nf8 14. Qb3 Qb6 15. Na4 Qxb3 16. axb3 Ne4 17. Bxe7 Rxe7 18. Rfd1 Nd6 19. Bd3 f5 20. g3 a5 21. Kf1 g5 22. Ra1 Nd7 23. Rdc1 Kg7 24. Nc5 Nxc5 25. Rxc5 Ne4 26. Bxe4 fxe4 27. b4 a4 28. b5 Rf7 29. bxc6 bxc6 30. Rxc6 Rb7 31. Ra2 Rf8 32. Rc2 Rb4 33. Ke1 Rfb8 34. Kd2 Kf6 35. Kc1 R8b6 36. Rc5 Ke6 37. Ra5 Rb7 38. R5xa4 Rxa4 39. Rxa4 Rg7 40. Ra6+ Kf5 41. Rd6 Kg4 42. Kd2 Rb7 43. Kc3 Rc7+ 44. Kb3 Rb7+ 45. Kc2 Rc7+ 46. Kd2 Rb7 47. Kc1 Rc7+ 48. Kb1 Kf3 49. Rxd5 Kxf2 50. Rxg5 Kxe3 51. d5 Kd2 52. d6 1-0


[Site "https://www.chess.com"]

[Event "Titled Tuesday Blitz December 13 Early 2022"]
[White "Yilmaz, Mustafa"]
[Black "Jobava, Baadur"]
[WhiteFideId "6302718"]
[BlackFideId "13601520"]
[WhiteElo "2564"]
[BlackElo "2582"]
[Result "0-1"]
[Round "05"]
[TimeControl "180+1"]
[Date "2022.12.13"]
[WhiteClock "0:00:05"]
[BlackClock "0:00:10"]

1. d4 d5 2. c4 dxc4 3. Nf3 Nf6 4. e3 Bg4 5. Bxc4 e6 6. h3 Bh5 7. Nc3 Nc6 8. O-O Bd6 9. Re1 Qe7 10. g4 Nxg4 11. hxg4 Bxg4 12. Bf1 h5 13. Bg2 h4 14. Qb3 O-O-O 15. Ne4 h3 16. Bh1 h2+ 17. Kf1 Bxf3 18. Bxf3 h1=Q+ 19. Bxh1 Rxh1+ 20. Ke2 Rxe1+ 21. Kxe1 Qh4 22. Nd2 Qh1+ 23. Ke2 Bb4 24. Nf3 Qh5 25. a3 Ba5 26. Qc2 Rxd4 27. b4 Rf4 28. Qxc6 bxc6 29. exf4 Bb6 30. Be3 Qb5+ 31. Kd2 Qd5+ 32. Ke2 Qc4+ 33. Kd2 c5 34. Ne5 Qd5+ 35. Ke2 cxb4 36. axb4 Qb5+ 37. Nd3 Kb7 38. Rg1 Qc4 39. Rxg7 Qc2+ 40. Bd2 a5 41. Rg1 a4 42. Rc1 Qb3 43. Rc3 Qd5 44. Be3 Qa2+ 45. Bd2 a3 46. Nc1 Qb2 47. Rb3 Qa1 48. Kd1 a2 49. Ra3 Qd4 50. Rxa2 Qxf2 51. Ra3 Qf1+ 52. Kc2 Qc4+ 53. Kd1 Qe4 54. Nd3 f6 55. Rc3 Kc8 56. Kc2 Qa8 57. Nc5 Qa2+ 58. Kd3 Qd5+ 59. Ke2 e5 60. fxe5 fxe5 61. Be3 e4 62. Rc2 Qh5+ 63. Kd2 Qh2+ 64. Kc3 Qe5+ 65. Kd2 Qd5+ 66. Ke2 Bxc5 67. Rxc5 Qd3+ 68. Kf2 Kd7 69. b5 Qb3 70. Rg5 Ke6 71. Rc5 Qb2+ 72. Kg3 Qe2 73. Rc3 Qe1+ 0-1


[Site "https://www.chess.com"]

[Event "Titled Tuesday Blitz December 13 Early 2022"]
[White "Zaksaite, Salomeja"]
[Black "Perez Rodriguez, Jennifer"]
[WhiteFideId "12801496"]
[BlackFideId "3507831"]
[WhiteElo "2079"]
[BlackElo "2170"]
[Result "0-1"]
[Round "05"]
[TimeControl "180+1"]
[Date "2022.12.14"]
[WhiteClock "0:00:01"]
[BlackClock "0:01:30"]

1. e4 e5 2. Nf3 Nc6 3. Bc4 Bc5 4. d3 Nf6 5. Nbd2 d6 6. h3 a5 7. c3 O-O 8. Bb3 Ba7 9. Nf1 Be6 10. g4 Nd7 11. Ng3 Nc5 12. Bc2 d5 13. Qe2 b5 14. Nf5 dxe4 15. dxe4 Bc4 16. Qd2 Bd3 17. Rh2 Bxe4 18. Qxd8 Raxd8 19. Bxe4 Nxe4 20. Be3 Bxe3 21. fxe3 g6 22. Nh6+ Kg7 23. g5 Nxg5 24. Nxg5 Kxh6 25. h4 Kg7 26. Ke2 h6 27. Ne4 f5 28. Nc5 Kf6 29. Rf1 h5 30. Rg2 Rg8 31. Ne4+ Ke7 32. Ng5 e4 33. Nh3 Ne5 34. Nf4 Ng4 35. Rc1 c5 36. b3 Rd6 37. c4 b4 38. Nd5+ Ke6 39. Rf1 Rgd8 40. Ke1 Rxd5 41. cxd5+ Rxd5 42. Rd2 Nxe3 43. Rxd5 Nxd5 0-1


[Site "https://www.chess.com"]

[Event "Titled Tuesday Blitz December 13 Early 2022"]
[White "Abasov, Nijat"]
[Black "Gabdrakhmanov, Azat"]
[WhiteFideId "13402960"]
[BlackFideId "34189197"]
[WhiteElo "2546"]
[BlackElo "2254"]
[Result "1/2-1/2"]
[Round "06"]
[TimeControl "180+1"]
[Date "2022.12.13"]
[WhiteClock "0:00:04"]
[BlackClock "0:00:07"]

1. e4 c5 2. c3 d5 3. exd5 Qxd5 4. Nf3 Nf6 5. d4 e6 6. Na3 a6 7. Nc4 Nbd7 8. Be2 b5 9. Ne3 Qc6 10. O-O Bb7 11. a4 Be7 12. dxc5 Bxc5 13. axb5 axb5 14. Rxa8+ Bxa8 15. Nd4 Bxd4 16. Qxd4 O-O 17. Rd1 Nb6 18. Qd6 Nbd5 19. Qxc6 Bxc6 20. Nc2 Rb8 21. f3 h6 22. Kf2 b4 23. c4 Ba4 24. cxd5 Bxc2 25. Rd2 Ba4 26. dxe6 Rc8 27. exf7+ Kxf7 28. b3 Bxb3 29. Bb2 Nd5 30. Bd4 Nc3 31. Bf1 Be6 32. Bd3 b3 33. Ke3 b2 34. Bxc3 Rxc3 35. Rxb2 Bf5 36. Rd2 Bxd3 37. Rxd3 Rc2 38. Rd2 Rc3+ 39. Kf4 Rc4+ 40. Kg3 Rc6 41. Rd4 Kg6 42. h4 Rb6 43. Re4 h5 44. Re5 Ra6 45. Kf4 Ra4+ 46. Re4 Ra2 47. g3 Kh6 48. Re6+ g6 49. Re4 Ra6 50. Rd4 Rf6+ 51. Ke4 Re6+ 52. Kd5 Re3 53. Rf4 Kg7 54. Kd4 Re2 55. Kd3 Re1 56. Rc4 Rg1 57. g4 hxg4 58. Rxg4 Rh1 59. Ke4 Kf6 60. Ke3 Re1+ 61. Kf2 Ra1 62. Kg3 Ra5 63. Rf4+ Kg7 64. Kg4 Rb5 65. Re4 Ra5 66. Rd4 Kf6 67. f4 Rb5 68. Rd6+ Kg7 69. Re6 Kf7 70. Re5 Rb1 71. Re3 Rg1+ 72. Rg3 Rh1 73. Kg5 Rh2 74. Rc3 Rg2+ 75. Kh6 Rg4 76. Rc7+ Kf6 77. Rc6+ Kf5 78. Kg7 Rxh4 79. Rf6+ Ke4 80. Rxg6 Rxf4 81. Rf6 Rxf6 82. Kxf6 1/2-1/2


[Site "https://www.chess.com"]

[Event "Titled Tuesday Blitz December 13 Early 2022"]
[White "Abdrlauf, Elham"]
[Black "Deac, Bogdan-Daniel"]
[WhiteFideId "1533533"]
[BlackFideId "1226380"]
[WhiteElo "2454"]
[BlackElo "2649"]
[Result "0-1"]
[Round "06"]
[TimeControl "180+1"]
[Date "2022.12.13"]
[WhiteClock "0:00:04"]
[BlackClock "0:00:06"]

1. e4 c6 2. d4 d5 3. Nc3 a6 4. Nf3 Bg4 5. Be3 e6 6. h3 Bh5 7. Bd3 Nf6 8. O-O Bb4 9. e5 Nfd7 10. g4 Bg6 11. Bxg6 hxg6 12. Kg2 c5 13. Ne2 cxd4 14. Nexd4 Qc7 15. Bf4 Nc6 16. Nxc6 Qxc6 17. Nd4 Qb6 18. c3 Bc5 19. Qd2 Rc8 20. Rac1 Be7 21. Qe2 Qc5 22. Rfd1 Qc4 23. Qxc4 dxc4 24. Rc2 Nc5 25. Bg3 O-O 26. f3 Rfd8 27. Rcd2 Nd3 28. b3 Bg5 29. Re2 b5 30. bxc4 bxc4 31. h4 Be7 32. Red2 Rd5 33. f4 Bc5 34. Nc2 Rcd8 35. Kf1 f6 36. exf6 gxf6 37. Ne1 e5 38. fxe5 fxe5 39. Nxd3 cxd3 40. Bf2 e4 41. Bxc5 Rxc5 42. Kf2 Rf8+ 43. Ke3 Rc4 44. Rf2 Rxf2 45. Kxf2 Rxc3 46. Ke3 Rc4 47. Rf1 Kg7 48. Rb1 Ra4 49. Rb7+ Kf6 50. Rb6+ Kf7 51. Rb7+ Ke6 52. Rb6+ Kd5 53. Rxg6 Rxa2 54. Rg5+ Kc4 55. Kxe4 Re2+ 56. Kf3 Re1 57. Rg8 d2 58. Rd8 d1=Q+ 59. Rxd1 Rxd1 60. h5 Kd5 61. g5 Ke6 62. h6 Kf7 0-1


[Site "https://www.chess.com"]

[Event "Titled Tuesday Blitz December 13 Early 2022"]
[White "Aggelis, Nikolaos"]
[Black "Asavasaetakul, Chawit"]
[WhiteFideId "4213220"]
[BlackFideId "6204856"]
[WhiteElo "2189"]
[BlackElo "1919"]
[Result "0-1"]
[Round "06"]
[TimeControl "180+1"]
[Date "2022.12.14"]
[WhiteClock "0:00:19"]
[BlackClock "0:00:54"]

1. d4 d5 2. Nf3 c6 3. c4 Nf6 4. Nc3 dxc4 5. a4 Bf5 6. Ne5 e6 7. f3 Bb4 8. Kf2 Bc2 9. Qd2 Bg6 10. Nxc4 O-O 11. Qf4 Nbd7 12. g4 Re8 13. h4 h6 14. h5 Bh7 15. g5 Nd5 16. Nxd5 exd5 17. gxh6 dxc4 18. Rg1 Bf8 19. hxg7 Bb4 20. e4 Nf6 21. Be3 Nxe4+ 22. fxe4 Rxe4 23. Qh6 Qh4+ 24. Rg3 Bd6 25. Qxd6 Rae8 26. Re1 R4e6 27. Bg5 Qh2+ 28. Bg2 Rxe1 29. Be3 R1xe3 30. Rxe3 Qxd6 31. Rxe8+ Kxg7 0-1


[Site "https://www.chess.com"]

[Event "Titled Tuesday Blitz December 13 Early 2022"]
[White "Albertini, Luca"]
[Black "Sai Han Thiha"]
[WhiteFideId "847038"]
[BlackFideId "13012290"]
[WhiteElo "2207"]
[BlackElo "1954"]
[Result "1-0"]
[Round "06"]
[TimeControl "180+1"]
[Date "2022.12.14"]
[WhiteClock "0:00:26"]
[BlackClock "0:00:09"]

1. e4 c6 2. d4 d5 3. e5 Bf5 4. h4 h5 5. Nf3 e6 6. Bg5 Qb6 7. Bd3 Bxd3 8. Qxd3 Qxb2 9. O-O Qxa1 10. Qb3 Nd7 11. Nc3 Qxf1+ 12. Kxf1 b5 13. g3 f6 14. Bf4 Nh6 15. Bxh6 Rxh6 16. a4 a6 17. Qa2 b4 18. Ne2 Rb8 19. Nf4 Kf7 20. a5 Rb5 21. Nd3 Be7 22. Qa4 Rh8 23. Nd2 c5 24. dxc5 Nxc5 25. Nxc5 Rxc5 26. Qxb4 Rxc2 27. Qf4 Rhc8 28. Nf3 R2c4 29. Qe3 Bc5 30. Qe2 Ba7 31. Ne1 Rc1 32. Qxh5+ Kg8 33. exf6 gxf6 34. Qg6+ Kh8 35. Qxf6+ Kh7 36. Qxe6 R8c2 37. Qf7+ Kh8 38. Qxa7 Ra2 39. Qb8+ Kh7 40. Qb7+ Kh8 41. Qxd5 Raa1 42. Qe5+ Kh7 43. g4 Rd1 44. h5 Ra2 45. g5 Rdd2 46. Qf5+ Kg8 47. h6 Kh8 48. g6 Rxf2+ 49. Qxf2 Rxf2+ 50. Kxf2 Kg8 51. Ke3 Kh8 52. Ke4 Kg8 53. Kf5 Kh8 54. Nf3 Kg8 55. Ne5 Kf8 56. Nc6 Kg8 57. Nb4 Kh8 58. Nxa6 Kg8 59. Nc5 Kf8 60. a6 Ke7 61. a7 Kd6 62. a8=Q Ke7 63. Qb7+ Kd6 64. Qd7+ Kxc5 65. Ke5 Kc4 66. g7 Kc5 67. h7 Kb6 68. Kd5 Ka6 69. Kc5 1-0


[Site "https://www.chess.com"]

[Event "Titled Tuesday Blitz December 13 Early 2022"]
[White "Aldokhin, Ivan"]
[Black "Zemlyanskii, Ivan"]
[WhiteFideId "24115720"]
[BlackFideId "24249971"]
[WhiteElo "2313"]
[BlackElo "2107"]
[Result "1-0"]
[Round "06"]
[TimeControl "180+1"]
[Date "2022.12.14"]
[WhiteClock "0:00:02"]
[BlackClock "0:00:01"]

1. e4 c5 2. Nf3 d6 3. d4 cxd4 4. Nxd4 Nf6 5. Nc3 a6 6. Bc4 e6 7. Bb3 b5 8. Qf3 Qc7 9. O-O Bb7 10. Re1 Nbd7 11. Nd5 exd5 12. exd5+ Ne5 13. Bg5 Be7 14. Qg3 h6 15. Bd2 O-O-O 16. a4 b4 17. Bxb4 Nxd5 18. Bxd5 Bxd5 19. Re3 Qb7 20. Ba5 Rd7 21. Nf5 Bf6 22. c4 Nxc4 23. Rc1 Kb8 24. Rb3 Nxa5 25. Rxb7+ Nxb7 26. Rd1 Be5 27. f4 Be6 28. Nxg7 Bxg7 29. Qxg7 Rc8 30. Qxh6 Rc4 31. Qf6 Rxa4 32. h4 Nc5 33. h5 Ne4 34. Qg7 Rc4 35. h6 Rc8 36. h7 Rdd8 37. Qd4 Nc5 38. Qf6 Nb7 39. f5 Bc4 40. Rd4 Rh8 41. Rxc4 Rxh7 42. Rxc8+ 1-0


[Site "https://www.chess.com"]

[Event "Titled Tuesday Blitz December 13 Early 2022"]
[White "Alexakis, Dimitris"]
[Black "Vidit, Santosh Gujrathi"]
[WhiteFideId "4277023"]
[BlackFideId "5029465"]
[WhiteElo "2470"]
[BlackElo "2669"]
[Result "1-0"]
[Round "06"]
[TimeControl "180+1"]
[Date "2022.12.13"]
[WhiteClock "0:00:12"]
[BlackClock "0:00:17"]

1. e4 e6 2. d4 d5 3. Nc3 Nf6 4. e5 Nfd7 5. f4 c5 6. Nf3 Nc6 7. Be3 a6 8. Qd2 b5 9. a3 Qa5 10. dxc5 Bxc5 11. Bxc5 Nxc5 12. Bd3 b4 13. Ne2 Qb6 14. Ned4 bxa3 15. bxa3 Ne4 16. Bxe4 dxe4 17. Nxc6 Qxc6 18. Nd4 Qd5 19. Qb4 Bd7 20. Nb3 e3 21. O-O Bc6 22. Rf3 Rd8 23. Re1 e2 24. Kf2 Bb5 25. a4 Qc4 26. Qxc4 Bxc4 27. Na5 Rc8 28. Rc3 Rc5 29. Rxc4 Ke7 30. Rxc5 1-0


[Site "https://www.chess.com"]

[Event "Titled Tuesday Blitz December 13 Early 2022"]
[White "Andreassen, Lars"]
[Black "Akylbekov, Nasyr"]
[WhiteFideId "1504878"]
[BlackFideId "13800353"]
[WhiteElo "2119"]
[BlackElo "2310"]
[Result "0-1"]
[Round "06"]
[TimeControl "180+1"]
[Date "2022.12.14"]
[WhiteClock "0:00:35"]
[BlackClock "0:01:46"]

1. d4 Nf6 2. Nf3 e6 3. Bg5 Be7 4. e3 O-O 5. c4 c5 6. Nc3 Qb6 7. Qb3 Nc6 8. d5 Nb4 9. e4 exd5 10. e5 dxc4 11. Bxc4 d5 12. exf6 dxc4 13. fxe7 cxb3 14. exf8=Q+ Kxf8 15. O-O bxa2 16. Nxa2 Nxa2 17. Rxa2 Be6 18. Raa1 h6 19. Be3 Qb5 20. Rfc1 b6 21. Bf4 Kg8 22. Be5 a5 23. Bc3 Qb3 24. Ne5 a4 25. Nc6 a3 26. bxa3 Rxa3 27. Rab1 Qa4 28. Ne7+ Kf8 29. Bb2 Kxe7 30. Bxa3 Qxa3 0-1


[Site "https://www.chess.com"]

[Event "Titled Tuesday Blitz December 13 Early 2022"]
[White "Aradhya, Garg"]
[Black "Bethke, Richard"]
[WhiteFideId "25006746"]
[BlackFideId "12959243"]
[WhiteElo "2278"]
[BlackElo "2369"]
[Result "1-0"]
[Round "06"]
[TimeControl "180+1"]
[Date "2022.12.14"]
[WhiteClock "0:02:47"]
[BlackClock "0:02:41"]

1. d4 f5 2. Nf3 Nf6 3. g3 b6 4. Bg2 Bb7 5. O-O e6 6. c4 Be7 7. d5 exd5 8. Nd4 g6 9. cxd5 O-O 10. d6 Bxg2 11. dxe7 Qxe7 12. Kxg2 c5 13. Nf3 Ne4 14. Qd5+ 1-0


[Site "https://www.chess.com"]

[Event "Titled Tuesday Blitz December 13 Early 2022"]
[White "Artemenko, Oleg"]
[Black "Aizpurua, Patrick Emilio"]
[WhiteFideId "14201798"]
[BlackFideId "6600522"]
[WhiteElo "2287"]
[BlackElo "2378"]
[Result "1-0"]
[Round "06"]
[TimeControl "180+1"]
[Date "2022.12.14"]
[WhiteClock "0:01:06"]
[BlackClock "0:00:02"]

1. d4 d5 2. Nc3 Bf5 3. Bf4 e6 4. e3 c6 5. Nf3 Nd7 6. Ne5 Qb6 7. Nxd7 Kxd7 8. Na4 Qa5+ 9. c3 Nf6 10. a3 h6 11. b4 Qd8 12. Nc5+ Kc8 13. Qa4 Bxc5 14. bxc5 Ne4 15. Qb4 g5 16. Be5 f6 17. Bg3 Nxg3 18. hxg3 Qc7 19. Be2 Kd7 20. Kd2 Rab8 21. g4 Be4 22. f3 Bg6 23. Bd3 Bxd3 24. Kxd3 Qg3 25. Ra2 e5 26. Rb1 e4+ 27. fxe4 dxe4+ 28. Kc2 Qxe3 29. Qc4 Ke7 30. Rab2 Qf2+ 31. Kb3 b5 32. cxb6 Rxb6+ 33. Ka2 Qg3 34. Rxb6 axb6 35. Rxb6 Rc8 36. Rb7+ Rc7 37. Qxc6 Qf2+ 38. Kb3 Rxb7+ 39. Qxb7+ Kf8 40. Qxe4 Qf1 41. a4 Qd1+ 42. Kb4 Qd2 43. a5 Qb2+ 44. Kc5 Qxc3+ 45. Kd6 Qxa5 46. Qe7+ Kg8 47. Qxf6 Qb4+ 48. Ke5 Qb5+ 49. d5 Qe2+ 50. Kf5 Qxg2 51. Qg6+ Kf8 52. Qxh6+ Ke8 53. Qe6+ Kf8 54. Kxg5 Qd2+ 55. Kg6 Qh6+ 56. Kf5 Qh7+ 57. Ke5 Qh8+ 58. Qf6+ Qxf6+ 1-0


[Site "https://www.chess.com"]

[Event "Titled Tuesday Blitz December 13 Early 2022"]
[White "Ashraf, Artin"]
[Black "Kuzmin, Roman"]
[WhiteFideId "22514805"]
[BlackFideId "44134932"]
[WhiteElo "2243"]
[BlackElo "2180"]
[Result "1-0"]
[Round "06"]
[TimeControl "180+1"]
[Date "2022.12.14"]
[WhiteClock "0:01:07"]
[BlackClock "0:00:02"]

1. Nf3 Nf6 2. g3 e6 3. d3 Be7 4. Bg2 d5 5. O-O O-O 6. Nbd2 c5 7. e4 Nc6 8. Re1 b5 9. e5 Nd7 10. Nf1 Qc7 11. Bf4 a5 12. h4 Ba6 13. h5 h6 14. c3 Rfc8 15. Rc1 Qd8 16. Qd2 Bf8 17. g4 g5 18. hxg6 fxg6 19. Bxh6 Qe7 20. Ng3 Bxh6 21. Qxh6 Qg7 22. Qg5 Rf8 23. d4 Rf7 24. Nh4 Kh7 25. Rcd1 Raf8 26. Rd2 b4 27. Bf1 Bxf1 28. Rxf1 Rf4 29. Ng2 Rf3 30. Ne1 R3f7 31. Kg2 cxd4 32. cxd4 Kg8 33. f4 Nb6 34. b3 a4 35. Nc2 axb3 36. axb3 Ra8 37. f5 gxf5 38. Qxg7+ Rxg7 39. gxf5 exf5 40. Ne3 Ra3 41. Nxf5 Rg5 42. Rc2 Na5 43. Rc7 Ra2+ 44. Kh3 Nxb3 45. Nh6+ Kh8 46. Rf8+ 1-0


[Site "https://www.chess.com"]

[Event "Titled Tuesday Blitz December 13 Early 2022"]
[White "Avazkhonov, Alikhon"]
[Black "Ghosh, Chanchal Kumer"]
[WhiteFideId "14208504"]
[BlackFideId "10201858"]
[WhiteElo "1739"]
[BlackElo "2058"]
[Result "1-0"]
[Round "06"]
[TimeControl "180+1"]
[Date "2022.12.14"]
[WhiteClock "0:00:01"]
[BlackClock "0:00:01"]

1. d4 d5 2. c4 e6 3. Nc3 Nf6 4. cxd5 exd5 5. Bg5 Be7 6. e3 O-O 7. Bd3 b6 8. Nf3 c5 9. dxc5 bxc5 10. O-O Be6 11. Rc1 Nbd7 12. Qc2 h6 13. Bh4 Re8 14. Rfd1 Rb8 15. b3 Qa5 16. Bg3 Rbc8 17. Ne5 d4 18. Nxd7 Nxd7 19. Ne4 dxe3 20. fxe3 f5 21. Nd6 Bxd6 22. Bxd6 a6 23. Bxf5 Nf6 24. Bxe6+ Rxe6 25. Bxc5 Kh8 26. b4 Qc7 27. Qb3 Ng4 28. g3 Rf6 29. Rc2 Qe5 30. Qd5 Qe8 31. e4 Rg6 32. e5 Rg5 33. h4 Rf5 34. Qe4 Qg6 35. Qe2 1-0


[Site "https://www.chess.com"]

[Event "Titled Tuesday Blitz December 13 Early 2022"]
[White "Babazada, Khazar"]
[Black "Svane, Rasmus"]
[WhiteFideId "13413554"]
[BlackFideId "4657101"]
[WhiteElo "2359"]
[BlackElo "2674"]
[Result "1-0"]
[Round "06"]
[TimeControl "180+1"]
[Date "2022.12.13"]
[WhiteClock "0:00:38"]
[BlackClock "0:00:19"]

1. Nf3 d5 2. g3 g6 3. Bg2 Bg7 4. O-O e5 5. d3 Nc6 6. Nc3 d4 7. Nb1 Nge7 8. c4 O-O 9. e3 dxe3 10. fxe3 Bf5 11. e4 Be6 12. Nc3 Nd4 13. Be3 Nxf3+ 14. Bxf3 Qd7 15. Qe2 Rad8 16. Rad1 b6 17. Bg2 f6 18. d4 exd4 19. Bxd4 Bg4 20. Bf3 Bxf3 21. Qxf3 Qc6 22. Nd5 Nxd5 23. cxd5 Qd6 24. Bc3 f5 25. Bxg7 Kxg7 26. Qc3+ Kg8 27. e5 Qc5+ 28. Qxc5 bxc5 29. Kf2 Rd7 30. Rd2 Re8 31. Re1 Red8 32. e6 Rd6 33. Kf3 c6 34. Kf4 cxd5 35. e7 Re8 36. Ke5 Rd7 37. Kf6 Rd6+ 38. Re6 Rd7 39. Rc2 Rc7 40. Rc3 d4 41. Rb3 h5 42. Kxg6 c4 43. Rb8 1-0


[Site "https://www.chess.com"]

[Event "Titled Tuesday Blitz December 13 Early 2022"]
[White "Baches Garcia, Guillermo"]
[Black "Odegov, Artem"]
[WhiteFideId "2209764"]
[BlackFideId "34183644"]
[WhiteElo "2465"]
[BlackElo "2300"]
[Result "1-0"]
[Round "06"]
[TimeControl "180+1"]
[Date "2022.12.14"]
[WhiteClock "0:00:28"]
[BlackClock "0:00:05"]

1. e4 e6 2. d4 d5 3. exd5 exd5 4. Nf3 Bd6 5. c4 dxc4 6. Bxc4 Nf6 7. O-O O-O 8. Nc3 Nc6 9. h3 h6 10. Qc2 Nb4 11. Qb1 c6 12. Bxh6 Nh7 13. Be3 Bc7 14. Qe4 Qf6 15. Qh4 Nc2 16. Rac1 Nxe3 17. fxe3 Qxh4 18. Nxh4 Bd7 19. Ng6 Nf6 20. Nxf8 Kxf8 21. e4 Bb6 22. Rcd1 Re8 23. Kh1 Re7 24. e5 Nh5 25. Ne4 Be6 26. Bxe6 Rxe6 27. g4 1-0


[Site "https://www.chess.com"]

[Event "Titled Tuesday Blitz December 13 Early 2022"]
[White "Bagwe Gaurang"]
[Black "Kulkarni, Vikramaditya"]
[WhiteFideId "45039895"]
[BlackFideId "5009847"]
[WhiteElo "1847"]
[BlackElo "2273"]
[Result "1-0"]
[Round "06"]
[TimeControl "180+1"]
[Date "2022.12.14"]
[WhiteClock "0:00:11"]
[BlackClock "0:00:14"]

1. e4 e6 2. d4 d5 3. Nc3 Nf6 4. e5 Nfd7 5. Nce2 b6 6. Nf3 a5 7. g3 Ba6 8. Bg2 Be7 9. O-O O-O 10. c3 c5 11. Be3 Nc6 12. a3 Qc7 13. Qd2 a4 14. Ne1 Bxe2 15. Qxe2 Na5 16. f4 cxd4 17. cxd4 Qc4 18. Nd3 Nb3 19. Rad1 Nxd4 20. Bxd4 Qxd4+ 21. Kh1 Qc4 22. f5 Kh8 23. Rf4 Qb5 24. Bh3 exf5 25. Bxf5 g6 26. Bh3 Rae8 27. Rdf1 f5 28. exf6 Bxf6 29. Qf3 Bg7 30. Rf2 Nc5 31. Ne5 Rxf4 32. gxf4 Ne4 33. Bd7 Nxf2+ 34. Qxf2 Qb3 35. Bxe8 Qd1+ 36. Kg2 Bxe5 37. fxe5 Qg4+ 38. Qg3 Qf3+ 39. Qxf3 1-0


[Site "https://www.chess.com"]

[Event "Titled Tuesday Blitz December 13 Early 2022"]
[White "Balint, Vilmos"]
[Black "Aloma Vidal, Robert"]
[WhiteFideId "718050"]
[BlackFideId "2260409"]
[WhiteElo "2183"]
[BlackElo "2435"]
[Result "0-1"]
[Round "06"]
[TimeControl "180+1"]
[Date "2022.12.14"]
[WhiteClock "0:01:26"]
[BlackClock "0:00:36"]

1. e4 e5 2. f4 exf4 3. Bc4 Nf6 4. Nc3 d5 5. Bxd5 Nxd5 6. Nxd5 g5 7. b3 Bg7 8. Rb1 c6 9. Nc3 Bxc3 10. dxc3 Qxd1+ 11. Kxd1 Bg4+ 12. Ke1 Nd7 13. Nf3 f6 14. Ba3 O-O-O 15. Kf2 Rde8 16. Rhe1 h5 17. Rbd1 Ne5 18. Rd6 Bxf3 19. gxf3 g4 20. Rxf6 Nxf3 21. Re2 Ng5 22. e5 h4 23. Rf5 g3+ 24. hxg3 hxg3+ 25. Ke1 Nf3+ 26. Kf1 Rh1+ 27. Kg2 Nh4+ 28. Kxh1 Nxf5 29. Bc5 f3 30. Re4 b6 31. Be3 Rh8+ 32. Kg1 Nxe3 33. Rxe3 f2+ 34. Kg2 Rh1 35. Rf3 Rg1+ 0-1


[Site "https://www.chess.com"]

[Event "Titled Tuesday Blitz December 13 Early 2022"]
[White "Baruch, Liam"]
[Black "Dushyant Sharma"]
[WhiteFideId "14322064"]
[BlackFideId "25065130"]
[WhiteElo "1971"]
[BlackElo "2280"]
[Result "0-1"]
[Round "06"]
[TimeControl "180+1"]
[Date "2022.12.14"]
[WhiteClock "0:00:01"]
[BlackClock "0:00:17"]

1. e4 d5 2. exd5 Nf6 3. Nf3 Qxd5 4. d4 Nc6 5. c4 Qd8 6. Nc3 Bg4 7. Be3 e6 8. Be2 Bd6 9. O-O O-O 10. h3 Bh5 11. Qb3 a6 12. Rfd1 h6 13. Bd3 Bxf3 14. gxf3 Nh5 15. Ne2 Qh4 16. Kg2 f5 17. c5 Bf4 18. Qxe6+ Kh8 19. Bxf4 Qxf4 20. Qg6 Qh4 21. Bxf5 Nf6 22. Qg3 Qh5 23. Bg4 Qf7 24. Nf4 g5 25. Ne6 Nd5 26. Re1 Rfe8 27. Kh2 Re7 28. Re4 Nf6 29. Ree1 Rae8 30. Rad1 Nxg4+ 31. Qxg4 Rxe6 32. Rxe6 Qxe6 33. Qxe6 Rxe6 34. d5 Re2 35. dxc6 bxc6 36. Kg1 Rxb2 37. Rd8+ Kg7 38. Rd7+ Kg6 39. Rxc7 Rxa2 40. Rxc6+ Kh5 41. Rb6 a5 42. c6 Rc2 43. Ra6 Kh4 44. c7 h5 45. Rxa5 Kxh3 46. Ra1 Rxc7 47. Rf1 Rc3 48. Re1 Rxf3 49. Rf1 g4 50. Re1 h4 51. Rd1 Ra3 52. Re1 Ra2 53. Rd1 Re2 54. Rc1 g3 55. fxg3 Rg2+ 56. Kh1 hxg3 57. Rd1 Rh2+ 58. Kg1 Ra2 0-1


[Site "https://www.chess.com"]

[Event "Titled Tuesday Blitz December 13 Early 2022"]
[White "Bashirli, Saadat"]
[Black "Lopez Idarraga, Daniel Eduardo"]
[WhiteFideId "13429990"]
[BlackFideId "4405501"]
[WhiteElo "1408"]
[BlackElo "2064"]
[Result "1/2-1/2"]
[Round "06"]
[TimeControl "180+1"]
[Date "2022.12.14"]
[WhiteClock "0:02:00"]
[BlackClock "0:02:37"]

1. d4 d5 2. c4 e6 3. Nf3 Nf6 4. cxd5 exd5 5. Nc3 c6 6. Bg5 Be7 7. Qc2 Bg4 8. h3 Bh5 9. e3 Bg6 10. Bd3 Bxd3 11. Qxd3 Nbd7 12. O-O O-O 13. a3 a5 14. b3 Re8 15. Rfb1 Ne4 16. Bxe7 Qxe7 17. Nd2 Ndf6 18. Ncxe4 Nxe4 19. Nxe4 Qxe4 20. Qxe4 Rxe4 21. b4 axb4 22. axb4 Ree8 23. b5 Kf8 24. bxc6 bxc6 25. Rxa8 Rxa8 26. Rb7 Rc8 1/2-1/2


[Site "https://www.chess.com"]

[Event "Titled Tuesday Blitz December 13 Early 2022"]
[White "Bazarov, Konstantin"]
[Black "Kosteniuk, Alexandra"]
[WhiteFideId "4137000"]
[BlackFideId "4128125"]
[WhiteElo "2228"]
[BlackElo "2469"]
[Result "0-1"]
[Round "06"]
[TimeControl "180+1"]
[Date "2022.12.14"]
[WhiteClock "0:00:17"]
[BlackClock "0:00:27"]

1. d4 f5 2. Nf3 Nf6 3. g3 g6 4. Bg2 Bg7 5. O-O O-O 6. c4 d6 7. Nc3 a5 8. Qc2 Na6 9. Rd1 Nb4 10. Qb3 Ne4 11. Nxe4 fxe4 12. Ng5 Nc6 13. e3 a4 14. Qc2 e5 15. Nxe4 exd4 16. Qe2 Bf5 17. g4 Be6 18. Ng3 Qd7 19. h3 Rae8 20. Rb1 Qf7 21. b3 axb3 22. axb3 Be5 23. Ne4 Qg7 24. Ng5 Bd7 25. b4 Bf6 26. Ne4 Bh4 27. Rf1 dxe3 28. Bxe3 Nd4 29. Qd1 Ne6 30. f4 Ra8 31. c5 Bb5 32. Qb3 Qf7 33. f5 Nd8 34. Qxf7+ Nxf7 35. Rfd1 gxf5 36. gxf5 Ra2 37. Bf1 Bc6 38. Nc3 Ra3 39. Rbc1 Ne5 40. Bd4 Nf3+ 41. Kh1 Nxd4+ 42. Bg2 Bxg2+ 43. Kxg2 Nxf5 44. cxd6 Ne3+ 0-1


[Site "https://www.chess.com"]